AoeStats
← BraniacTr

Arena

510178322Analyzed
3v3 RM · 3d ago on Sep 29, 2026· 84m 51s· 6 players
Game mode
Random Map
Map size
Normal (6 player)
Population
200
Speed
Normal
Resources
Standard
Victory
Conquest
Starting age
Dark Age
Ending age
Imperial Age
RankedLock teamsTeams togetherTeam positionsShared explorationLock speedFull tech treeHidden civsTurbo modeCheats
Victory
Defeat
🇵🇪 Slavs · Peru
816
+17
🇵🇪 Franks · Peru
803
+18
🇵🇪 Ethiopians · Peru
793
+18
🇨🇿 Britons · Czechia
912
-21
🇬🇧 Dravidians · United Kingdom
883
-19
🇹🇷 Huns · Türkiye
728
-13
Appa
11:46 Feudal Age
13:43 Double-Bit Axe
16:31 Castle Age
14:59 Gold Mining
19:59 Forging
19:56 Scale Barding Armor
21:35 Husbandry
22:14 Iron Casting
23:23 Wheelbarrow
23:34 Town Watch
23:37 Loom
25:01 Gold Shaft Mining
26:03 Hand Cart
26:40 Chain Barding Armor
28:34 Stone Mining
34:47 Imperial Age
35:07 Cavalier
36:46 Paladin
37:33 Chivalry
37:54 Conscription
39:09 Blast Furnace
38:45 Plate Barding Armor
41:42 Fletching
41:53 Padded Archer Armor
42:07 Elite Skirmisher
42:55 Bodkin Arrow
43:24 Ballistics
44:47 Scale Mail Armor
45:04 Leather Archer Armor
55:26 Fortified Wall
64:04 Caravan
67:01 Bow Saw
Momo
1:00 Loom
11:46 Feudal Age
16:56 Castle Age
14:54 Double-Bit Axe
15:05 Horse Collar
15:55 Gold Mining
20:38 Crossbowman
22:23 Stone Mining
23:20 Elite Skirmisher
27:29 Fletching
27:40 Padded Archer Armor
28:39 Thumb Ring
35:31 Wheelbarrow
34:43 Town Watch
37:49 Imperial Age
37:02 Ballistics
36:39 Murder Holes
41:46 Bodkin Arrow
42:07 Leather Archer Armor
41:21 Heavy Scorpion
41:24 Capped Ram
45:41 Halberdier
57:46 Fortified Wall
63:41 Arbalester
76:17 Torsion Engines
75:48 Elite Shotel Warrior
nova
11:55 Feudal Age
16:42 Castle Age
15:20 Double-Bit Axe
16:50 Horse Collar
18:47 Bow Saw
23:20 Town Watch
28:31 Wheelbarrow
30:06 Gold Mining
30:34 Heavy Plow
30:29 Loom
33:49 Hand Cart
38:15 Imperial Age
36:25 Forging
35:56 Light Cavalry
36:44 Elite Skirmisher
37:33 Scale Barding Armor
39:40 Conscription
40:11 Chain Barding Armor
42:54 Plate Barding Armor
42:37 Padded Archer Armor
42:58 Husbandry
43:34 Leather Archer Armor
43:11 Fletching
43:40 Town Patrol
43:46 Town Patrol
44:16 Murder Holes
45:14 Ring Archer Armor
46:05 Two-Man Saw
45:36 Bodkin Arrow
45:47 Caravan
46:10 Siege Engineers
46:35 Bloodlines
48:59 Iron Casting
52:01 Gold Shaft Mining
50:58 Heavy Scorpion
54:43 Blast Furnace
59:49 Onager
62:31 Ballistics
64:55 Chemistry
64:34 Elite Boyar
67:38 Masonry
Udy6969
10:09 Feudal Age
11:06 Double-Bit Axe
15:40 Castle Age
19:43 Wheelbarrow
20:53 Horse Collar
23:20 Stone Mining
24:31 Loom
25:02 Hand Cart
24:47 Fletching
26:28 Ballistics
26:06 Bodkin Arrow
26:12 Padded Archer Armor
26:07 Man-at-Arms
29:44 Yeomen
33:38 Imperial Age
30:54 Town Watch
31:10 Gold Mining
31:35 Bow Saw
32:13 Leather Archer Armor
32:44 Scale Mail Armor
32:55 Forging
32:52 Squires
32:38 Arson
32:14 Pikeman
33:21 Town Patrol
35:00 Gold Shaft Mining
35:06 Chain Mail Armor
35:27 Iron Casting
35:00 Bracer
35:31 Ring Archer Armor
36:13 Conscription
35:52 Elite Longbowman
37:06 Plate Mail Armor
36:56 Halberdier
40:04 Chemistry
43:25 Blast Furnace
42:08 Treadmill Crane
42:24 Murder Holes
42:40 Masonry
42:35 Siege Engineers
50:12 Long Swordsman
50:37 Gambesons
52:41 Two-Handed Swordsman
53:49 Caravan
54:49 Champion
57:49 Warwolf
64:16 Heavy Plow
Budhampton
0:37 Loom
10:49 Feudal Age
11:30 Double-Bit Axe
13:21 Wheelbarrow
19:30 Castle Age
20:13 Pikeman
20:54 Squires
20:46 Gambesons
22:02 Hand Cart
23:45 Bow Saw
24:13 Scale Mail Armor
24:24 Forging
25:04 Horse Collar
30:44 Fletching
30:55 Padded Archer Armor
31:54 Elite Skirmisher
35:15 Imperial Age
33:06 Thumb Ring
33:01 Bodkin Arrow
33:21 Leather Archer Armor
35:12 Ballistics
35:03 Fortified Wall
34:49 Murder Holes
36:26 Conscription
36:29 Wootz Steel
37:42 Bracer
38:20 Iron Casting
37:58 Halberdier
39:26 Heavy Plow
39:38 Caravan
42:00 Ring Archer Armor
42:32 Blast Furnace
42:53 Siege Elephant
46:14 Crossbowman
46:50 Arbalester
49:05 Elite Urumi Swordsman
52:19 Chemistry
BraniacTr
0:39 Loom
11:00 Feudal Age
11:27 Double-Bit Axe
12:21 Wheelbarrow
11:30 Horse Collar
21:57 Castle Age
20:09 Stone Mining
20:31 Gold Mining
23:40 Bow Saw
24:04 Heavy Plow
24:58 Hand Cart
26:25 Gold Shaft Mining
30:26 Bloodlines
29:42 Elite Skirmisher
31:04 Husbandry
31:25 Thumb Ring
Connection lost

Rejoining the realm…

Still unreachable

The connection could not be restored.

Session expired

The server has moved on; the page needs a fresh start.